[Event "Gibraltar Amateurs A 2019"]
[Site "Caleta"]
[Date "2019.01.21"]
[Round "1"]
[White "Portman, Carl S"]
[Black "Bussmann, John"]
[Result "1/2-1/2"]
[ECO "B73"]
[WhiteElo "1884"]
[BlackElo "1671"]
[Annotator "NA"]
[PlyCount "83"]
[EventDate "2019.01.21"]
[EventType "swiss"]
[EventCountry "GGB"]
[SourceTitle "playchess.com"]
[Source "ChessBase"]
[SourceQuality "1"]
[TimeControl "6600+10"]

1. e4 c5 2. Nf3 g6 3. d4 cxd4 4. Nxd4 Bg7 5. Nc3 Nc6 6. Be3 Nf6 7. Be2 d6 8. O-O Bd7 9. f4 O-O 10. Kh1 Nxd4 11. Bxd4 Bc6 {[%emt 0:00:26] B73: Sicilian Dragon: Classical System without 9 Nb3} 12. Bf3 Nd7 (12... Rc8 13. Re1 Re8 14. Nd5 e5 15. fxe5 dxe5 16. Nxf6+ Bxf6 17. Be3 Qa5 18. Qe2 Bh4 19. g3 {0-1 (35) Munguntuul,B (2438)-Li,C (2680) Caleta 2014}) 13. Bxg7 Kxg7 14. Qd4+ {[%emt 0:00:43] LiveBook: 3 Games} Kg8 15. Nd5 e5 16. fxe5 $146 ({Predecessor:} 16. Qb4 Bxd5 17. exd5 Qc7 18. c4 exf4 19. Be2 {0-1 (53) Przybylski,W (2373)-Lapshun,Y (2479) Banyoles 2007}) 16... dxe5 17. Qb4 Bxd5 18. exd5 Rb8 19. Rae1 f5 20. d6 e4 21. Be2 Rf6 22. g4 Ne5 23. gxf5 gxf5 24. Qb3+ Kh8 25. Qd5 Qxd6 26. Qxd6 Rxd6 27. Rxf5 Ng6 28. Bh5 $11 Re8 29. Bxg6 hxg6 30. Rf2 Kg7 31. Rfe2 Rde6 32. Kg2 g5 33. Kg3 Kg6 34. Kg4 e3 35. Kf3 Rf6+ 36. Kg3 Rfe6 37. c4 a5 38. b3 Kf5 39. a3 Re4 40. h3 R8e5 41. Kf3 Rf4+ 42. Kg3 1/2-1/2

[Event "Gibraltar Amateurs A 2019"]
[Site "Caleta"]
[Date "2019.01.21"]
[Round "1"]
[White "Leimeister, Winfried"]
[Black "Guardia Bencomo, Tomas"]
[Result "1-0"]
[ECO "B50"]
[WhiteElo "1870"]
[BlackElo "1664"]
[Annotator "NA"]
[PlyCount "73"]
[EventDate "2019.01.21"]
[EventType "swiss"]
[EventCountry "GGB"]
[SourceTitle "playchess.com"]
[Source "ChessBase"]
[SourceQuality "1"]
[TimeControl "6600+10"]

1. e4 c5 2. Nf3 d6 3. g3 Nc6 4. c3 Nf6 5. d3 e5 6. Bg2 Be7 7. O-O O-O 8. Nbd2 Rb8 {[%emt 0:00:40] B50: Sicilian: 2...d6, Miscellaneous} (8... Re8 9. a3 Rb8 10. b4 b5 11. d4 cxd4 12. cxd4 exd4 13. Bb2 Qb6 14. Nb3 Nxe4 15. Nfxd4 Bf6 16. Nxc6 Bxb2 17. Nxb8 Bxa1 18. Qxa1 Qxb8 {0-1 (48) Neverov,V (2489)-Akopian,V (2705) Legnica 2013}) 9. a4 b6 $146 ({Predecessor:} 9... Bg4 10. Nc4 Qc7 11. Ne3 Be6 12. Nd2 a5 13. f4 exf4 14. gxf4 Rfd8 15. Nf3 Ne8 16. d4 cxd4 17. cxd4 {1-0 (36) Zini,J (2093)-Staron,D (1834) Caioba 2016}) 10. Nc4 Be6 11. Ne3 d5 12. Ng5 d4 13. Nxe6 fxe6 14. Nc2 Qe8 15. cxd4 cxd4 16. Bd2 Nd7 17. b4 b5 18. a5 Bd6 19. Rb1 Rc8 20. Na3 a6 21. Bh3 Nxa5 22. Nxb5 (22. bxa5 $18 Nc5 23. Bb4) 22... Nb7 23. Na3 Kh8 24. Nc4 Qf7 25. Qb3 Bb8 26. Ra1 Rc6 27. Bg2 Rfc8 28. Ra2 Nd6 29. Rc2 Nxc4 30. dxc4 Ba7 31. c5 Nf8 $18 32. Ra2 Qb7 33. Qa4 Nd7 34. f4 g6 35. f5 exf5 36. exf5 gxf5 37. b5 1-0

[Event "Gibraltar Amateurs A 2019"]
[Site "Caleta"]
[Date "2019.01.21"]
[Round "1"]
[White "Bryant, Richard B E"]
[Black "Krause, Marianne"]
[Result "1-0"]
[ECO "B23"]
[WhiteElo "1862"]
[BlackElo "1637"]
[Annotator "NA RC"]
[PlyCount "105"]
[EventDate "2019.01.21"]
[EventType "swiss"]
[EventCountry "GGB"]
[SourceTitle "playchess.com"]
[Source "ChessBase"]
[SourceQuality "1"]
[TimeControl "6600+10"]

1. e4 c5 2. Nc3 e6 3. f4 g6 4. Nf3 Bg7 5. g3 {[%emt 0:02:38] B23: Closed Sicilian: Lines without g3} Ne7 6. Bg2 d6 7. Ne2 Nbc6 8. c3 (8. O-O O-O 9. c3 f5 10. d3 b6 11. Be3 Qd7 12. h3 Bb7 13. a3 Rae8 14. Qa4 Ne5 15. Qxd7 Nxd7 16. Ng5 Nc8 17. Rfe1 h6 18. Nf3 c4 19. dxc4 Bxe4 {½-½ (51) Ivanchuk,V (2710)-Gelfand,B (2685) Munich 1994}) 8... Rb8 9. O-O b5 $146 ({Predecessor:} 9... f5 10. d3 O-O 11. Be3 b6 12. Bf2 h6 13. exf5 gxf5 14. d4 Qc7 15. Re1 a6 16. h3 Kh8 17. Nh4 cxd4 18. Nxd4 Nd8 {½-½ (47) Rogge,R-Kauch,M Ruhrgebiet 1997}) 10. d4 cxd4 11. cxd4 d5 12. e5 O-O 13. g4 a5 14. Ng3 Qb6 15. Kh1 Bd7 16. h4 f5 17. g5 Rfc8 18. Be3 Na7 19. Ne1 b4 20. Nd3 Bb5 21. Rf3 Kf7 22. Nc5 Rh8 23. Bf1 h6 24. Kg1 hxg5 25. hxg5 Qd8 26. a4 Bxf1 27. Nxf1 Rh7 28. Qd3 Bf8 29. Rc1 Rb6 30. Bf2 Nec6 31. Rh3 Rxh3 32. Qxh3 Bg7 {[%emt 0:00:12] [#]} (32... Qc8 $16) 33. Nxe6 $1 Kxe6 34. Qh7 Bxe5 $2 (34... Ne7) 35. Qxg6+ Bf6 36. Re1+ Kd7 37. Qxf5+ Kc7 38. Qxf6 Qxf6 39. gxf6 Rb8 40. Rd1 Rf8 41. Bh4 Nc8 42. Ne3 Kd6 43. Nf5+ Ke6 44. Ne7 N8xe7 $18 45. fxe7 Re8 46. Kf2 Kf7 47. Rc1 Nxd4 48. Rc5 Nf5 49. Bg5 Nxe7 50. Rxa5 Ke6 51. Ra6+ Kd7 52. Ra7+ Ke6 53. Rxe7+ 1-0

[Event "Gibraltar Amateurs A 2019"]
[Site "Caleta"]
[Date "2019.01.21"]
[Round "1"]
[White "Johansson, Daniel"]
[Black "Khoo-Thwe, Louis"]
[Result "1/2-1/2"]
[ECO "C52"]
[WhiteElo "1859"]
[BlackElo "1617"]
[Annotator "NA"]
[PlyCount "140"]
[EventDate "2019.01.21"]
[EventType "swiss"]
[EventCountry "GGB"]
[SourceTitle "playchess.com"]
[Source "ChessBase"]
[SourceQuality "1"]
[TimeControl "6600+10"]

1. e4 e5 2. Nf3 Nc6 3. Bc4 Bc5 4. b4 Bxb4 5. c3 Ba5 6. d4 exd4 7. O-O dxc3 8. Qb3 {[%emt 0:00:54] C52: Evans Gambit Accepted: 5 c3 Ba5} Qe7 9. Bg5 (9. Nxc3 Bxc3 10. Qxc3 Nf6 11. Ba3 d6 12. Rae1 Ne5 13. Nxe5 Qxe5 14. Qc1 Ng4 {½-½ (27) Zelbel,P (2387)-Harika,D (2503) Vlissingen 2012}) 9... Nf6 10. Nxc3 Bxc3 11. Qxc3 d6 12. Rfe1 Ne5 13. Nd4 O-O $146 ({Predecessor:} 13... Nxc4 14. Qxc4 O-O 15. f4 c5 {1-0 (43) Kanka,T (1697)-Stehlik,J (1626) Slovakia 2016}) 14. Nf5 Bxf5 15. exf5 Qd8 16. Rad1 Nxc4 17. Qxc4 c6 18. Qb4 Nd5 19. Qg4 f6 20. Bf4 Nxf4 21. Qxf4 d5 22. h4 Qa5 23. Re7 Rf7 24. Rde1 Qd8 25. R7e6 Qd7 26. h5 h6 27. Qb4 b6 28. Re7 Rxe7 29. Rxe7 Qxf5 30. Qd6 c5 31. Qc6 Rf8 32. Qb7 Qg5 33. f4 Qg4 34. Qxd5+ Kh8 35. Qd6 Rg8 36. Rxa7 Qxh5 37. Rb7 Qe2 38. Rxb6 c4 39. Rc6 Qxa2 40. Qc7 Qe2 41. Rxc4 Re8 42. Rc1 Qe3+ 43. Kh2 $1 Re7 44. Qc8+ Re8 45. Qc7 Kh7 46. Rf1 Qe7 47. Qc2+ Qe4 48. Qxe4+ Rxe4 49. Rf3 Kg6 50. g4 Re2+ 51. Kg3 f5 52. Rb3 fxg4 53. Kxg4 $15 h5+ 54. Kf3 Re6 55. Ra3 Rf6 56. Ra4 Kh6 57. Kg3 Rg6+ 58. Kf3 h4 59. Ra8 Rg3+ 60. Kf2 Kh5 61. Rg8 Rg6 62. Kf3 Rg3+ 63. Kf2 g6 64. f5 g5 65. f6 Kg4 66. Rxg5+ Kxg5 67. f7 Rg4 68. f8=Q Rf4+ 69. Qxf4+ Kxf4 70. Kg2 Ke5 1/2-1/2

[Event "Gibraltar Amateurs A 2019"]
[Site "Caleta"]
[Date "2019.01.21"]
[Round "1"]
[White "Lane, Ryan"]
[Black "Deepak Kumar R"]
[Result "1/2-1/2"]
[ECO "B00"]
[WhiteElo "1851"]
[BlackElo "1843"]
[Annotator "NA"]
[PlyCount "53"]
[EventDate "2019.01.21"]
[EventType "swiss"]
[EventCountry "GGB"]
[SourceTitle "playchess.com"]
[Source "ChessBase"]
[SourceQuality "1"]
[TimeControl "6600+10"]

1. e4 b6 2. d4 Bb7 3. Nc3 d6 4. Nf3 e6 5. Bb5+ {[%emt 0:00:32] B00: Queen's Fianchetto Defence, Nimzowitsch Defence} (5. d5 e5 6. g4 h6 7. h4 g6 8. h5 g5 9. a4 Qc8 10. Bb5+ c6 11. dxc6 Nxc6 12. Nh2 a6 13. Bxc6+ Qxc6 {1-0 (58) Stukopin,A (2577)-Blatny,P (2392) Philadelphia 2017}) 5... c6 6. Ba4 Nd7 7. O-O Be7 8. Bf4 Ngf6 $146 ({Predecessor:} 8... b5 9. Bb3 b4 10. Nb1 a5 11. a4 {1-0 (58) Leplat,W-Groux,L Herlies 2002}) 9. Re1 O-O 10. Qe2 a5 11. a3 b5 12. Bb3 a4 13. Ba2 Ba6 14. Qd2 d5 15. Rad1 b4 16. axb4 Bxb4 17. Bg5 {[%emt 0:02:11] [#]} (17. e5 $17 Ne4 18. Rxe4 dxe4 19. Ng5) 17... Qa5 $1 18. exd5 cxd5 19. Qf4 Bxc3 $19 (19... a3 $142 20. Ne5 Rac8 21. Nxd5 exd5) 20. bxc3 Qxc3 21. Ne5 Nxe5 22. Qxe5 Ne4 23. Bh4 Qb2 24. Bb1 Nc3 25. Bf6 gxf6 26. Qxf6 Nxd1 27. Rxd1 1/2-1/2

[Event "Gibraltar Amateurs A 2019"]
[Site "Caleta"]
[Date "2019.01.21"]
[Round "1"]
[White "Garcia-Blazquez Perez, Manuel"]
[Black "Haddock, Paul"]
[Result "1-0"]
[ECO "B76"]
[WhiteElo "1849"]
[BlackElo "1580"]
[Annotator "NA"]
[PlyCount "77"]
[EventDate "2019.01.21"]
[EventType "swiss"]
[EventCountry "GGB"]
[SourceTitle "playchess.com"]
[Source "ChessBase"]
[SourceQuality "1"]
[TimeControl "6600+10"]

1. e4 c5 2. Nf3 d6 3. d4 cxd4 4. Nxd4 Nf6 5. Nc3 g6 6. Be3 {[%emt 0:00:05] LiveBook: 10049 Games} Bg7 7. f3 Nc6 8. Qd2 O-O 9. O-O-O Re8 10. Kb1 {[%emt 0:00:19] B76: Sicilian Dragon: Yugoslav Attack, 9 g4 and 9 0-0-0} (10. g4 a6 11. h4 h5 12. Nxc6 bxc6 13. e5 Nxg4 14. fxg4 Bxg4 15. Be2 Bxe2 16. Nxe2 Rb8 17. Rhg1 c5 18. Qd5 Qb6 {1-0 (48) Vdovin,V (2381)-Shabanov,D (2239) Moscow 2018}) 10... Bd7 11. g4 Rc8 12. h4 h5 13. Nxc6 $146 ({Predecessor:} 13. gxh5 Nxh5 14. Nxc6 Bxc6 15. Bd4 Qa5 16. Bxg7 Nxg7 17. Bh3 Rc7 18. Bg4 e6 19. h5 gxh5 20. Bxh5 Nxh5 {0-1 (53) Sundin,S (1607)-Skovgaard,E (1764) Helsingor 2017}) 13... bxc6 14. Bh6 Bh8 15. e5 dxe5 16. gxh5 Bf5 17. hxg6 Qxd2 18. gxf7+ Kxf7 19. Rxd2 Red8 20. Rxd8 Rxd8 21. Bc4+ Nd5 22. Be3 e6 23. Bxd5 exd5 24. Bxa7 Rg8 25. Rg1 Rxg1+ 26. Bxg1 Kg6 27. a4 $18 Bf6 28. Bf2 Kh5 29. a5 Bc8 30. Na4 Bd8 31. b4 Bb7 32. Nc5 Ba8 33. c3 Bxh4 34. Bg1 Kg6 35. a6 Be7 36. Nd7 c5 37. Bxc5 Bxc5 38. Nxc5 Kf5 39. b5 1-0

[Event "Gibraltar Amateurs A 2019"]
[Site "Caleta"]
[Date "2019.01.21"]
[Round "1"]
[White "Carr, Jay"]
[Black "Naldrett, Geoffrey"]
[Result "1/2-1/2"]
[ECO "E08"]
[WhiteElo "1842"]
[BlackElo "1557"]
[Annotator "NA"]
[PlyCount "45"]
[EventDate "2019.01.21"]
[EventType "swiss"]
[EventCountry "GGB"]
[SourceTitle "playchess.com"]
[Source "ChessBase"]
[SourceQuality "1"]
[TimeControl "6600+10"]

1. c4 e6 2. g3 d5 3. Bg2 Nf6 4. Nf3 Be7 5. d4 O-O 6. O-O c6 7. b3 Nbd7 8. Bb2 Ne4 9. Nfd2 Nxd2 10. Nxd2 Nf6 11. Qc2 Rb8 12. Rad1 Bd7 13. f3 b5 14. e4 bxc4 15. bxc4 Qb6 16. Rb1 Qa6 17. e5 Ne8 18. Bc3 Nc7 19. Rxb8 Rxb8 20. Rb1 Rxb1+ 21. Qxb1 Qb6 22. Qb3 c5 23. Qxb6 1/2-1/2

[Event "Gibraltar Amateurs A 2019"]
[Site "Caleta"]
[Date "2019.01.21"]
[Round "1"]
[White "Fong, Mi Yen"]
[Black "Omtvedt, Aleksander"]
[Result "1/2-1/2"]
[ECO "C42"]
[WhiteElo "1687"]
[BlackElo "1896"]
[Annotator "NA"]
[PlyCount "74"]
[EventDate "2019.01.21"]
[EventType "swiss"]
[EventCountry "GGB"]
[SourceTitle "playchess.com"]
[Source "ChessBase"]
[SourceQuality "1"]
[TimeControl "6600+10"]

1. e4 e5 2. Nf3 Nf6 3. Bc4 Nxe4 4. Nxe5 d5 5. Qf3 {[%emt 0:05:05] C42: Petroff Defence: 3 Nxe5 and unusual White 3rd moves} (5. Bb3 Qg5 6. Qe2 Qxe5 7. d3 Nc6 8. dxe4 Nd4 9. Qe3 Bc5 10. Qf4 Qxe4+ 11. Qxe4+ dxe4 12. Be3 Bd7 {0-1 (28) Calio,M (2330)-Junge,W (2351) ICCF email 2016}) 5... Be6 6. Be2 Nd7 $146 ({Predecessor:} 6... Bd6 7. d4 f6 8. Nc4 Be7 9. Ncd2 f5 10. O-O Qd7 11. Qb3 Nc6 12. c3 O-O-O {½-½ (61) Dassisti,A (1921)-Corso,G (1804) Milan 2012}) 7. d4 Nxe5 8. dxe5 Be7 9. Nd2 Nxd2 10. Bxd2 Qd7 11. O-O O-O 12. Qg3 f6 13. Bh6 Bc5 14. Bf4 c6 15. Rad1 Qf7 16. Bd3 Rae8 17. Rd2 Bb6 18. Kh1 Bd7 19. h4 c5 20. c4 dxc4 21. Be4 Be6 22. exf6 Qxf6 23. Be5 Qh6 24. Bf3 Bd8 25. h5 Rf5 26. Bg4 Rxe5 27. Qxe5 Qxd2 28. Bxe6+ Kh8 29. Qxc5 Qxb2 30. Bxc4 $11 Bb6 31. Qf5 Qe5 32. Qxe5 Rxe5 33. Bf7 Re7 34. Bd5 Re5 35. Bf3 Kg8 36. g4 Re7 37. Kg2 Kf7 1/2-1/2

[Event "Gibraltar Amateurs A 2019"]
[Site "Caleta"]
[Date "2019.01.21"]
[Round "1"]
[White "Krause, Helmut"]
[Black "Gonzalez Pabollet, Jesus Maria S"]
[Result "0-1"]
[ECO "D05"]
[WhiteElo "1668"]
[BlackElo "1875"]
[Annotator "NA"]
[PlyCount "44"]
[EventDate "2019.01.21"]
[EventType "swiss"]
[EventCountry "GGB"]
[SourceTitle "playchess.com"]
[Source "ChessBase"]
[SourceQuality "1"]
[TimeControl "6600+10"]

1. d4 e6 2. Nf3 c5 3. e3 Nf6 4. Bd3 d5 5. b3 cxd4 6. exd4 Nc6 7. Nbd2 Bb4 8. Bb2 a6 9. a3 Bd6 10. Ne5 Qc7 11. f4 b5 12. Rc1 Qb6 (12... b4 $11 13. axb4 Nxb4) 13. c3 Bb7 14. O-O Bxe5 $17 15. fxe5 Nxe5 16. Bc2 O-O 17. Kh1 Neg4 18. Qe2 Qd6 19. Nf3 Ne4 20. g3 Rac8 21. Bb1 f5 22. Nh4 Rf6 0-1

[Event "Gibraltar Amateurs A 2019"]
[Site "Caleta"]
[Date "2019.01.21"]
[Round "1"]
[White "Stai, Sondre"]
[Black "Lochte, Szilvia"]
[Result "1-0"]
[ECO "B33"]
[WhiteElo "1659"]
[BlackElo "1868"]
[Annotator "NA"]
[PlyCount "56"]
[EventDate "2019.01.21"]
[EventType "swiss"]
[EventCountry "GGB"]
[SourceTitle "playchess.com"]
[Source "ChessBase"]
[SourceQuality "1"]
[TimeControl "6600+10"]

1. e4 c5 2. Nf3 e6 3. d4 cxd4 4. Nxd4 a6 5. Bd3 Nf6 6. Nc3 Qc7 7. O-O Bc5 8. Nb3 Be7 9. a4 Nc6 10. Be3 {[%emt 0:07:15] B33: Sicilian: Pelikan and Sveshnikov Variations} (10. a5 O-O 11. Be3 Ne5 12. Bb6 Qb8 13. Be2 d6 14. Qd2 Bd7 15. f4 Ng6 16. Bd3 Bc6 17. Be3 Rd8 {½-½ (50) Bruzon Batista,L (2622)-Ehlvest,J (2581) Merida 2008}) 10... b6 11. f3 O-O 12. Qe2 d6 13. Qf2 Nd7 14. Rfd1 Nc5 $146 ({Predecessor:} 14... Bb7 15. Kh1 Rfe8 16. Nd4 Nce5 17. Qg3 {1-0 (51) Froehlich,P (2351)-Louie,R (1810) Brisbane 2012}) 15. Bf1 Bb7 16. Qg3 Rac8 17. Rd2 Nxb3 18. cxb3 Na5 19. Rad1 Nxb3 20. Bh6 Bf6 21. Rxd6 Qc5+ 22. Kh1 Qh5 23. Bf4 Qc5 24. e5 Be7 25. Bh6 g6 26. Bxf8 Kxf8 27. R6d3 Na5 $18 (27... Qb4 $16 28. Qf2 Bc6) 28. f4 Nc4 1-0

[Event "Gibraltar Amateurs A 2019"]
[Site "Caleta"]
[Date "2019.01.21"]
[Round "1"]
[White "White, Gary"]
[Black "Robson, Paul E"]
[Result "0-1"]
[ECO "B06"]
[WhiteElo "1623"]
[BlackElo "1861"]
[Annotator "NA"]
[PlyCount "66"]
[EventDate "2019.01.21"]
[EventType "swiss"]
[EventCountry "GGB"]
[SourceTitle "playchess.com"]
[Source "ChessBase"]
[SourceQuality "1"]
[TimeControl "6600+10"]

1. f4 g6 2. Nf3 Bg7 3. e4 d5 4. e5 c5 {[%emt 0:02:07] B06: Modern Defence} 5. d4 Bg4 6. Be2 Nc6 7. Bb5 $146 ({Predecessor:} 7. c3 cxd4 8. Nxd4 Bxe2 9. Qxe2 Nxd4 10. cxd4 e6 11. Nc3 h5 12. O-O Nh6 {0-1 (26) Hernandez,G (2495)-Moreno Carnero,J Spain 1992}) 7... Bxf3 8. Qxf3 cxd4 9. O-O e6 10. Qd3 Qb6 11. b3 Nge7 12. Ba3 Rc8 13. Nd2 a6 14. Bxc6+ bxc6 15. Nf3 c5 16. Rab1 Nc6 17. g4 Qa5 18. Bb2 O-O 19. a3 Qb6 20. Kh1 f6 21. f5 exf5 22. gxf5 Nxe5 23. Nxe5 fxe5 24. fxg6 Qxg6 25. Qxg6 Rxf1+ 26. Kg2 hxg6 27. Kxf1 e4 28. Ke2 Rf8 29. Rg1 Kh7 $19 30. Bc1 Be5 31. Bg5 Rf3 32. Be7 c4 33. bxc4 dxc4 0-1

[Event "Gibraltar Amateurs A 2019"]
[Site "Caleta"]
[Date "2019.01.21"]
[Round "1"]
[White "Sagar Siya"]
[Black "Marcos Herrero, Francisco"]
[Result "1-0"]
[ECO "B35"]
[WhiteElo "1616"]
[BlackElo "1855"]
[Annotator "NA"]
[PlyCount "119"]
[EventDate "2019.01.21"]
[EventType "swiss"]
[EventCountry "GGB"]
[SourceTitle "playchess.com"]
[Source "ChessBase"]
[SourceQuality "1"]
[TimeControl "6600+10"]

1. e4 c5 2. Nf3 Nc6 3. d4 cxd4 4. Nxd4 g6 5. Nc3 Bg7 6. Be3 Nf6 7. f3 O-O {[%emt 0:00:08] LiveBook: 142 Games} 8. Bc4 Qb6 9. Rb1 {[%emt 0:45:18] B35: Sicilian: Accelerated Dragon with 5 Nc3: main line} (9. e5 Nxe5 10. Bb3 Qa5 11. O-O d6 12. Kh1 Bd7 13. f4 Neg4 14. Bg1 Qh5 15. Qd3 a6 16. Rae1 e6 {0-1 (44) Biolek,R (2445)-Kislinsky,A (2481) Ostrava 2017}) 9... Ng4 10. fxg4 Bxd4 11. Bxd4 Qxd4 12. Qxd4 Nxd4 13. Kd2 d6 14. h3 $146 ({Predecessor:} 14. Nd5 Nc6 15. g5 Be6 16. h4 Rac8 {½-½ (43) Variniac,E-Joydev,S (2107) Bischwiller 1999}) 14... Bd7 15. Nd5 Nc6 16. Bb5 Rae8 17. Rhf1 f6 18. Rbe1 Kg7 19. a4 a6 20. Bxc6 bxc6 21. Nc3 h6 22. a5 Rb8 23. b3 e5 24. Na4 Rb5 25. Nb6 Be6 26. Ra1 d5 27. exd5 cxd5 28. Rfb1 Rd8 29. b4 f5 30. gxf5 gxf5 31. Na4 h5 32. Nc5 Bc8 33. h4 Kf6 34. Ra3 Rg8 35. g3 Rg4 36. Rab3 d4 37. Rf3 e4 38. Rf4 Ke5 39. Rxg4 fxg4 40. c3 e3+ 41. Ke2 dxc3 42. Kxe3 Bf5 43. Nd3+ Kd5 44. Rf1 $11 Kc4 45. Rf4+ Kb3 46. Nc5+ Ka2 47. Rxf5 Rxb4 48. Kd3 c2 49. Kxc2 Rb2+ 50. Kd3 Ka3 51. Rxh5 Rf2 52. Ne4 Rf3+ 53. Kd4 Kb4 54. Rg5 Ra3 55. h5 Ra1 56. h6 Rh1 57. Rg6 Kxa5 58. Ng5 Kb5 59. h7 a5 60. Rg8 1-0

[Event "Gibraltar Amateurs A 2019"]
[Site "Caleta"]
[Date "2019.01.21"]
[Round "1"]
[White "Savage, Neil"]
[Black "Gostelow, David W"]
[Result "0-1"]
[ECO "B23"]
[WhiteElo "1585"]
[BlackElo "1850"]
[Annotator "NA"]
[PlyCount "42"]
[EventDate "2019.01.21"]
[EventType "swiss"]
[EventCountry "GGB"]
[SourceTitle "playchess.com"]
[Source "ChessBase"]
[SourceQuality "1"]
[TimeControl "6600+10"]

1. e4 c5 2. Nc3 e6 3. f4 a6 4. Nf3 d5 5. d3 Nc6 6. e5 b5 7. a3 Qb6 8. Be2 Nh6 9. O-O c4+ 10. Kh1 Bc5 11. dxc4 bxc4 12. Na4 Qa7 13. Nxc5 Qxc5 14. b4 Qb6 $11 15. Qe1 O-O 16. Qc3 Rd8 17. Rd1 Ng4 18. Rd4 Nxd4 19. Nxd4 Nf2+ 20. Kg1 Ne4 21. Qe1 Qxd4+ 0-1

[Event "Gibraltar Amateurs A 2019"]
[Site "Caleta"]
[Date "2019.01.21"]
[Round "1"]
[White "Greco, Joseph"]
[Black "Sahil Dhawan"]
[Result "0-1"]
[ECO "B43"]
[WhiteElo "1574"]
[BlackElo "1843"]
[Annotator "NA"]
[PlyCount "137"]
[EventDate "2019.01.21"]
[EventType "swiss"]
[EventCountry "GGB"]
[SourceTitle "playchess.com"]
[Source "ChessBase"]
[SourceQuality "1"]
[TimeControl "6600+10"]

1. e4 c5 2. Nf3 e6 3. d4 cxd4 4. Nxd4 a6 5. Nc3 Qc7 6. Be3 Nf6 7. f3 b5 {[%emt 0:00:38] LiveBook: 7 Games B43: Sicilian: Kan Variation: 5 Nc3} (7... Bb4 8. Qd2 d5 9. Nde2 dxe4 10. a3 Ba5 11. O-O-O Nbd7 12. Bf4 e5 13. Bg5 O-O 14. Ng3 Bxc3 15. bxc3 Qa5 16. Kb2 Nc5 17. Bxf6 {1-0 (68) Nakamura,H (2775)-Van Wely,L (2654) Dubai 2014}) 8. Bd3 Bb7 9. O-O Be7 10. Rc1 $146 ({Predecessor:} 10. Qe2 O-O 11. a3 d6 12. Kh1 Nbd7 13. Rad1 Nc5 14. Qd2 Nxd3 15. Qxd3 Nd7 {0-1 (38) Wakuruwarewa,C (1577)-Miladi,A (1702) Batumi 2018}) 10... O-O 11. Nce2 d5 12. exd5 Nxd5 13. Bf2 Bg5 14. Ra1 Nd7 15. c3 g6 16. Qc2 e5 17. Nb3 Rac8 $17 (17... f5 $142 18. Rae1 Rad8) 18. a3 Ne3 19. Bxe3 Bxe3+ 20. Kh1 f5 21. Ng3 Nf6 22. Rfe1 Bf4 23. Nf1 Rfd8 24. Rad1 Qb6 25. Be2 e4 26. Rxd8+ Rxd8 27. Rd1 exf3 28. Rxd8+ Qxd8 29. Bxf3 Bxf3 30. gxf3 Qd5 31. Nd4 Ng4 32. Qb3 Qxb3 33. Nxb3 Nf2+ 34. Kg2 Nd3 35. Ng3 Bd6 36. Ne2 Nxb2 37. Ned4 Bxa3 38. Nd2 Nd1 39. Nc2 Bc1 40. Nb3 Bb2 41. Nb4 Bxc3 42. Nxa6 Kf7 43. Kf1 Ke7 44. Ke2 Nb2 45. Nc7 b4 46. Nd5+ Kd6 47. Nxc3 bxc3 48. Ke3 Kd5 49. f4 Kc4 50. Nc1 Na4 51. h3 Nb6 52. h4 Nd5+ 53. Kf3 c2 54. Kg3 Kc3 55. h5 Kd2 56. Nb3+ Kd1 57. hxg6 hxg6 58. Kh4 c1=Q 59. Nxc1 Kxc1 60. Kg5 Nxf4 61. Kxf4 Kd2 62. Kf3 Ke1 63. Ke3 g5 64. Kf3 Kf1 65. Kg3 Ke2 66. Kh3 f4 67. Kh2 f3 68. Kg3 f2 69. Kh2 0-1

[Event "Gibraltar Amateurs A 2019"]
[Site "Caleta"]
[Date "2019.01.22"]
[Round "2"]
[White "Gonzalez Pabollet, Jesus Maria S"]
[Black "Escanciano Reyero, Daniel"]
[Result "0-1"]
[ECO "D02"]
[WhiteElo "1875"]
[BlackElo "1732"]
[Annotator "NA"]
[PlyCount "106"]
[EventDate "2019.01.18"]
[EventType "swiss"]
[EventCountry "GGB"]
[SourceTitle "playchess.com"]
[Source "ChessBase"]
[SourceQuality "1"]
[TimeControl "6600+10"]

1. Nf3 d5 2. d4 Bg4 3. Ne5 Bf5 4. g4 Be6 5. h3 Nd7 6. Bf4 Nxe5 7. dxe5 d4 8. Bg2 Bd5 9. e4 Bc6 10. Nd2 e6 11. Nb3 Bb4+ 12. Bd2 Be7 13. Ba5 d3 14. Qxd3 Qxd3 15. cxd3 O-O-O 16. O-O-O Ba4 17. f4 Bxb3 18. axb3 Bc5 19. Kc2 Ne7 20. Bc3 Nc6 21. Ra1 a6 22. g5 Rd7 23. h4 Rhd8 24. Rad1 b5 25. f5 b4 26. fxe6 fxe6 27. Be1 Kb7 28. Bh3 Rf7 29. Bxe6 Nd4+ 30. Kb1 Nxe6 31. h5 Nxg5 32. Bh4 h6 33. Bxg5 hxg5 34. h6 gxh6 35. Rxh6 Re7 36. e6 Be3 37. Rg6 Rd6 38. Re1 Rxd3 39. Kc2 Rd2+ $19 40. Kc1 Re2+ 41. Kd1 Rxe1+ 42. Kxe1 Kc6 43. Ke2 Bf4 44. Kd3 Kc5 45. Rf6 a5 46. Rf5+ Kb6 47. Rf6 Kc5 48. Rf5+ Kd6 49. Rxa5 Kxe6 50. Kc4 Rg7 51. Kxb4 Bd2+ 52. Kb5 Bxa5 53. Kxa5 g4 0-1

[Event "Gibraltar Amateurs A 2019"]
[Site "Caleta"]
[Date "2019.01.22"]
[Round "2"]
[White "Robson, Paul E"]
[Black "Kuenitz, Klaus"]
[Result "0-1"]
[ECO "C10"]
[WhiteElo "1861"]
[BlackElo "1723"]
[Annotator "NA"]
[PlyCount "167"]
[EventDate "2019.01.18"]
[EventType "swiss"]
[EventCountry "GGB"]
[SourceTitle "playchess.com"]
[Source "ChessBase"]
[SourceQuality "1"]
[TimeControl "6600+10"]

1. e4 e6 2. d4 d5 3. Nd2 dxe4 4. Nxe4 Bd7 5. Nf3 Bc6 6. Bd3 Nd7 7. Qe2 Ngf6 8. Ng3 b6 9. O-O Bd6 10. Nf5 O-O 11. Nxd6 cxd6 12. Bg5 Qc7 13. c4 Qb7 14. Ne1 Rfe8 15. f3 d5 16. b3 e5 17. cxd5 Bxd5 18. Ba6 Qc7 19. Rc1 Qd6 20. dxe5 Rxe5 21. Qd2 Qa3 22. Bd3 Ree8 23. Bb1 Rac8 24. Nd3 Bb7 25. Rxc8 Rxc8 26. Rc1 Rxc1+ 27. Qxc1 Qxc1+ 28. Nxc1 h6 29. Bd2 Nd5 30. Nd3 Kf8 31. Kf2 Ke7 32. Nf4 N7f6 33. Ne2 h5 34. Nd4 g6 35. Bd3 a6 36. Nc2 Kd6 37. Nb4 a5 38. Nc2 Kc5 39. Bh6 Nd7 40. Bg7 N5f6 41. Ke3 Bd5 42. Kd2 Be6 43. Bh6 Nd5 44. Bg5 f6 45. Bh4 Ne5 46. Bf2+ Kd6 47. Nd4 Nxd3 48. Kxd3 Bf7 49. Bg3+ Kc5 50. Nc2 g5 51. Bf2+ Kd6 52. Bg3+ Kc6 53. Nd4+ Kc5 54. Nc2 Bg6+ 55. Kd2 Bxc2 56. Kxc2 Ne3+ 57. Kd3 Nxg2 58. Ke4 Nf4 59. Bxf4 gxf4 60. Kxf4 Kb4 61. Kf5 Ka3 62. Kxf6 Kxa2 63. f4 Kxb3 64. f5 a4 65. Kg6 a3 66. f6 a2 67. f7 a1=Q 68. f8=Q Qg1+ 69. Kxh5 Qxh2+ 70. Kg4 Qg1+ 71. Kh4 Qd4+ 72. Kg3 Qe3+ 73. Kg2 Qe2+ 74. Kg3 b5 75. Qg8+ Qc4 76. Qg6 Qc3+ 77. Kf4 b4 78. Qb1+ Ka3 79. Ke4 b3 80. Qf1 b2 81. Qb1 Qc1 82. Qd3+ Ka2 83. Qa6+ Kb1 84. Kd3 0-1